 Dungeon Crawl Stone Soup version 0.27-a0-346-ga689d4a613 (webtiles) character file.

Game seed: 8587379355976373908

39 tilp the Sneak (level 3, -1/23 HPs)
             Began as an Octopode Transmuter on Feb 15, 2021.
             Slain by a gnoll
             ... wielding a +0 spear
              (7 damage)
             ... on level 2 of the Dungeon.
             The game lasted 00:01:59 (1445 turns).

tilp the Sneak (Octopode Transmuter)                Turns: 1445, Time: 00:01:59

Health: -1/23      AC:  1    Str:  9    XL:     3   Next: 47%
Magic:  3/6        EV: 13    Int: 16    God:
Gold:   98         SH:  0    Dex: 12    Spells: 3/6 levels left

rFire    . . .     SeeInvis .     - Unarmed
rCold    . . .     Faith    .   (no shield)
rNeg     . . .     Spirit   .   (helmet currently unavailable)
rPois    .         Reflect  .   (no amulet)
rElec    .         Harm     .   (no ring)
rCorr    .         Rampage  .   (no ring)
Will     .....                  (no ring)
Stlth    +++.......             (no ring)
HPRegen  0.07/turn              (no ring)
MPRegen  0.10/turn              (no ring)
                                (no ring)
                                (no ring)

@: appendages, very slightly contaminated
A: almost no armour, stealthy swim, amphibious, 8 rings, constrict 8, tentacle
spike 3, camouflage 1, gelatinous body 1
a: End Transformation


You were on level 2 of the Dungeon.
One of your tentacles had a temporary spike.
You visited 1 branch of the dungeon, and saw 2 of its levels.

You collected 98 gold pieces.

Inventory:

Missiles
 b - 7 atropa-tipped darts
 e - 31 stones
 k - 13 poisoned darts (quivered)
 p - 2 boomerangs
Jewellery
 h - a +6 ring of strength {unknown}
 j - a ring of protection from cold {unknown}
Wands
 o - a wand of charming (4)
Scrolls
 c - 2 scrolls of enchant armour
 f - a scroll of teleportation {unknown}
 i - 2 scrolls of magic mapping {unknown}
 l - a scroll of identify {unknown}
 n - a scroll of random uselessness {unknown}
Potions
 a - a potion of brilliance {unknown}
 d - a potion of cancellation {unknown}
 g - a potion of curing {unknown}
 m - a potion of mutation {unknown}


   Skills:
 + Level 1.3 Fighting
 - Level 2.0 Dodging
 - Level 4.0 Stealth
 + Level 3.1 Unarmed Combat
 - Level 2.0 Spellcasting
 - Level 2.0 Transmutations


You had 3 spell levels left.
You knew the following spells:

 Your Spells              Type           Power        Failure   Level
a - Beastly Appendage     Tmut           16%          9%          1
b - Wereblood             Tmut           8%           14%         2

Your spell library contained the following spells:

 Spells                   Type           Power        Failure   Level
 Spider Form              Tmut/Pois      2%           38%         3
 Ice Form                 Ice/Tmut       4%           80%         4
 Blade Hands              Tmut           4%           94%         5


Dungeon Overview and Level Annotations

Branches:
Dungeon (2/15)

Altars:
Xom


Innate Abilities, Weirdness & Mutations

You cannot wear most types of armour.
You are very stealthy in the water. (Stealth+)
You are amphibious.
You can wear up to eight rings at the same time.
You can use your tentacles to constrict eight enemies at once.
Your skin changes colour to match your surroundings (Stealth+).
Your rubbery body absorbs attacks. (AC +1, EV +1)
One of your tentacles bears a large vicious spike.


Message History

Your grab misses the kobold. The kobold hits you with a +0 club.
You closely miss the kobold. You grab the kobold. You squeeze the kobold.
The kobold is heavily wounded.
You constrict the kobold.
You kill the kobold!
No target in view!
A gnoll comes into view. It is wielding a +0 halberd.
A gnoll is nearby!
A gnoll comes into view. It is wielding a +0 spear.
You see here a +0 club.
Throw: 16 darts (poison)
Press: ? - help, Q - select action, (/) - cycle Shift-Dir - straight line, f - gnoll
Aim: a gnoll, wielding a +0 halberd and wearing a +0 scale mail (64% to hit)
You throw a poisoned dart. The poisoned dart hits the gnoll.
The gnoll is poisoned.
Throw: 15 darts (poison)
Press: ? - help, Q - select action, (/) - cycle Shift-Dir - straight line, f/p - gnoll
Aim: a gnoll, wielding a +0 halberd and wearing a +0 scale mail (lightly wounded, poisoned, 64% to hit)
You throw a poisoned dart.
The poisoned dart barely misses the gnoll.
Throw: 14 darts (poison)
Press: ? - help, Q - select action, (/) - cycle Shift-Dir - straight line, f/p - gnoll
Aim: a gnoll, wielding a +0 halberd and wearing a +0 scale mail (lightly wounded, poisoned, 64% to hit)
You throw a poisoned dart.
The poisoned dart barely misses the gnoll.
Your tentacle spike disappears.
Casting: Beastly Appendage (safe; 9% risk of failure)
Confirm with . or Enter, or press ? or * to list all spells.
One of your tentacles grows a vicious spike.
The gnoll hits you from afar with a +0 spear.
Casting: Beastly Appendage (safe; 9% risk of failure)
Confirm with . or Enter, or press ? or * to list all spells.
You miscast Wereblood.
You are very lightly contaminated with residual magic.
Nothing appears to happen.
The gnoll hits you from afar with a +0 spear.
The gnoll hits you from afar with a +0 halberd!
* * * LOW HITPOINT WARNING * * *
The gnoll hits you with a +0 spear!
You die...

## #.. .... #.... #.....####
##### #.(....g.## ....####
......##..# ######### #.......
. (.....###.###.gg@...###._.#
..
..............#####.......##.#
......#####.....# ####..#....#
#### #.....# #....#### #.....#
##..### ......# #...##
##.....# #.#..# ......#
...##.# +.###### #### #.##


You could see 2 gnolls.

Vanquished Creatures
  3 dart slugs
  A giant cockroach (D:1)
  6 goblins (D:1)
  9 hobgoblins (D:1)
  4 kobolds
  3 bats (D:1)
  4 rats (D:1)
30 creatures vanquished.

Notes
Turn   | Place    | Note
-------+----------+-------------------------------------------
     0 | D:1      | tilp the Octopode Transmuter began the quest for the Orb.
     0 | D:1      | Reached XP level 1. HP: 13/13 MP: 3/3
    60 | D:1      | Reached skill level 1 in Stealth
   104 | D:1      | Reached skill level 2 in Stealth
   194 | D:1      | Reached XP level 2. HP: 10/18 MP: 3/5
   510 | D:1      | Reached skill level 3 in Stealth
   513 | D:1      | Learned a level 2 spell: Wereblood
   660 | D:1      | Reached XP level 3. HP: 17/23 MP: 6/6
   876 | D:1      | Reached skill level 4 in Stealth
  1399 | D:2      | Found a shimmering altar of Xom.
  1445 | D:2      | Slain by a gnoll

Illustrated notes

Levels and vault maps discovered:
D:1:      erik_arrival_triangle_small, layout_loops_ring,
          chequers_serial_rivers_micro_e, minmay_cupped
D:2:      layout_rooms, nicolae_ru_path_of_blood, brannock_xom_greatest_gift,
          kennysheep_potato

Skill      XL: |  1  2  3 |
---------------+----------+-----
Stealth        | 2 3 4 |  4.0
Fighting       | |  1.3
Dodging        | |  2.0
Unarmed Combat | |  3.1
Spellcasting   | |  2.0
Transmutations | |  2.0

Action                   || total
-------------------------++-------
Melee: Unarmed           ||    58
       Constrict         ||    21
       Kick              ||    11
       Tentacles         ||    14
       Punch             ||     2
Throw: Dart              ||     3
 Cast: Beastly Appendage ||    10
       Wereblood         ||     2
  Use: Scroll            ||     1
 Stab: Sleeping          ||     5
Armor: Skin              ||     7
Dodge: Dodged            ||    35

Table legend: (Time is in decaauts)
 A = Elapsed time spent in this place.
 B = Non-inter-level travel time spent in this place.
 C = Inter-level travel time spent in this place.
 D = Time resting spent in this place.
 E = Time spent auto-exploring this place.
 F = Levels seen in this place.
 G = Mean time per level.
                   A        B        C        D        E       F      G
               +--------+--------+--------+--------+--------+-----+--------+
         Total |   1442 |   1434 |      8 |    271 |    943 |   2 |  721.0 |
       Dungeon |   1442 |   1434 |      8 |    271 |    943 |   2 |  721.0 |
               +--------+--------+--------+--------+--------+-----+--------+

Top non-repeatable levels by time:
     D:1: 1226 daAuts
     D:2: 215 daAuts
